 Dungeon Crawl Stone Soup version 0.27.1-3-gb3d3a73c9e (webtiles) character file.

Game seed: 10355904679963322294

2 ABBCCCDDDD the Sneak (level 1, -2/20 HPs)
             Began as a Deep Dwarf Delver on Oct 28, 2021.
             Slain by a river rat (6 damage)
             ... in a sewer.
             The game lasted 00:01:10 (126 turns).

ABBCCCDDDD the Sneak (Deep Dwarf Delver)             Turns: 126, Time: 00:01:10

Health: -2/20      AC:  6    Str: 15    XL:     1   Next: 25%
Magic:  1/1        EV:  9    Int: 10    God:
Gold:   11         SH:  0    Dex: 14    Spells: 0/0 levels left

rFire    . . .     SeeInvis .   a - +0 hand axe
rCold    . . .     Faith    .   (no shield)
rNeg     . . .     Spirit   .   h - +0 scale mail
rPois    .         Reflect  .   (no helmet)
rElec    .         Harm     .   (no cloak)
rCorr    .         Rampage  .   (no gloves)
Will     .....                  (no boots)
Stlth    ++........             (no amulet)
HPRegen  0.00/turn              (no ring)
MPRegen  0.07/turn              (no ring)

@: no status effects
A: damage resistance, heal wounds, sense surroundings 1, no regeneration
a: Heal Wounds


You were in a sewer.
You visited 1 branch of the dungeon, and saw 1 of its levels.
You also visited: Sewer.

You collected 11 gold pieces.

Inventory:

Hand Weapons
 a - a +0 hand axe (weapon)
Armour
 b - a +0 leather armour
 h - a +0 scale mail (worn)
Wands
 g - a wand of digging (3)
Scrolls
 c - a scroll of fog
 d - a scroll of magic mapping
 e - a scroll of fear
Potions
 f - a potion of haste


   Skills:
 + Level 2.7 Fighting
 * Level 2.3 Axes
 + Level 0.1 Armour
 - Level 2.1 Dodging
 - Level 6.0 Stealth


You couldn't memorise any spells.
You didn't know any spells.
Your spell library was empty.

Dungeon Overview and Level Annotations

Branches:
Dungeon (5/15)              Sewer (1/1)
 Temple: D:4-7

Altars:


Innate Abilities, Weirdness & Mutations

You are resistant to damage.
You can heal yourself by infusing magical energy.
You passively map a small area around you.
You do not regenerate.


Message History

You continue putting on your +0 scale mail. x4
The worm bites you!
You continue putting on your +0 scale mail.
The worm misses you.
You finish putting on your +0 scale mail.
The worm bites you!
You enter the shallow water.
Moving in this stuff is going to be slow.
The orc shouts!
You hit the giant cockroach.
The giant cockroach is almost dead.
You hear the slow rusting of a drain.
The giant cockroach bites you.
You barely miss the giant cockroach.
The giant cockroach is almost dead.
The giant cockroach bites you but does no damage.
The giant cockroach closely misses you.
You hit the giant cockroach.
You kill the giant cockroach!
There is a glowing drain here.
The orc barely misses you.
The world spins around you as you enter the gateway.
You enter a sewer!
Found a gate leading back out of this place.
There is an empty arch of ancient stone here.
Okay, then.
You enter the shallow water.
Moving in this stuff is going to be slow.
Okay, then. 3 river rats come into view.
The river rat bites you but does no damage.
The river rat closely misses you.
You hit the river rat.
The river rat is lightly wounded.
You closely miss the river rat.
The river rat bites you but does no damage.
The river rat bites you.
* * * LOW HITPOINT WARNING * * *
The river rat bites you!
You die...

#####################
##....≈≈≈≈≈≈≈≈≈≈≈≈≈≈≈#
#.....≈≈≈≈≈≈≈.≈≈≈≈≈≈≈.
#..∩..≈≈≈≈≈#≈≈≈#≈≈≈≈≈.
#..∩..≈≈≈≈≈≈≈≈≈≈≈≈≈≈≈.
#....@r≈≈≈≈≈≈≈≈.≈≈≈≈≈.
##....r≈≈≈≈≈≈≈≈≈≈≈≈≈≈#
#####################
* *


You could see 2 river rats.

Levels and vault maps discovered:
D:5:      layout_loops_ring, mainiacjoe_overflow_catwalk, pf_just_have_faith,
          cheibrodos_sewer_entry_drain
Sewer:    sewer_minmay_w

Notes
Turn   | Place    | Note
-------+----------+-------------------------------------------
     0 | D:5      | ABBCCCDDDD the Deep Dwarf Delver began the quest for the
                  | Orb.
     0 | D:5      | Reached XP level 1. HP: 20/20 MP: 1/1
    19 | D:5      | Found a glowing drain.
   103 | Sewer    | Entered a sewer
   126 | Sewer    | Slain by a river rat

Table legend: (Time is in decaauts)
 A = Elapsed time spent in this place.
 B = Non-inter-level travel time spent in this place.
 C = Inter-level travel time spent in this place.
 D = Time resting spent in this place.
 E = Time spent auto-exploring this place.
 F = Levels seen in this place.
 G = Mean time per level.
                   A        B        C        D        E       F      G
               +--------+--------+--------+--------+--------+-----+--------+
         Total |    139 |    139 |      0 |      0 |     16 |   2 |   69.5 |
       Dungeon |    105 |    105 |      0 |      0 |     16 |   1 |  105.0 |
         Sewer |     34 |     34 |      0 |      0 |      0 |   1 |   34.0 |
               +--------+--------+--------+--------+--------+-----+--------+

Top non-repeatable levels by time:
     D:5: 105 daAuts
   Sewer: 34 daAuts

Table legend:
 A = Kills in this place as a percentage of kills in entire the game.
 B = Kills by you in this place as a percentage of kills by you in the entire game.
 C = Kills by friends in this place as a percentage of kills by friends in the entire game.
 D = Other kills in this place as a percentage of other kills in the entire game.
 E = Experience gained in this place as a percentage of experience gained in the entire game.
 F = Experience gained in this place divided by the number of levels of this place that you have seen.
                   A       B       C       D       E      F
               +-------+-------+-------+-------+-------+----------------------
         Total | 100.0 | 100.0 |   N/A |   N/A | 100.0 |   1.5
       Dungeon | 100.0 | 100.0 |   N/A |   N/A | 100.0 |   3.0
               +-------+-------+-------+-------+-------+----------------------

Action                   || total
-------------------------++-------
Melee: Hand axe          ||     6
 Stab: Sleeping          ||     1
Armor: Scale mail        ||     3
Dodge: Dodged            ||     7

Vanquished Creatures
  A giant cockroach (D:5)
  A ball python (D:5)
2 creatures vanquished.
